 Dungeon Crawl Stone Soup version 0.28-a0-401-ge240ad9e29 (webtiles) character file.

Game seed: 1603203047695530867

1165 omnomnOMINOUS the Skirmisher (level 8, 0/58 HPs)
             Began as an Octopode Wanderer on Sept 4, 2021.
             Was a Believer of Trog.
             Slain by a gnoll sergeant (1 damage)
             ... on level 6 of the Dungeon.
             The game lasted 00:10:05 (5419 turns).

omnomnOMINOUS the Skirmisher (Octopode Wanderer)    Turns: 5419, Time: 00:10:05

Health: 0/58       AC:  5    Str: 12    XL:     8   Next: 40%
Magic:  10/10      EV: 15    Int: 13    God:    Trog [**....]
Gold:   181        SH:  0    Dex: 12    Spells: 9/10 levels left

rFire   . . .      SeeInvis .   a - +1 mace (vorpal)
rCold   . . .      Faith    .   (no shield)
rNeg    . . .      Spirit   .   (helmet restricted)
rPois   +          Reflect  .   n - amulet of the acrobat
rElec   .          Harm     .   c - +4 ring of protection
rCorr   .          Rampage  .   b - ring of poison resistance
Will    ++...      Rnd*Rage +   (no ring)
Stlth   ++........              (no ring)
HPRegen 1.19/turn               (no ring)
MPRegen 0.12/turn               (no ring)
                                (no ring)
                                (no ring)

@: mighty, strong-willed, on berserk cooldown, regenerating, slowed, very slow
A: almost no armour, amphibious, 8 rings, camouflage 1, gelatinous body 1,
(nimble swimmer 1), tentacles, tentacle spike 1, berserk 1, clumsy 1, noise
suppression
a: Renounce Religion, Berserk, Trog's Hand


You were on level 6 of the Dungeon.
You worshipped Trog.
Trog was pleased with you.
You visited 1 branch of the dungeon, and saw 6 of its levels.

You collected 214 gold pieces.
You spent 33 gold pieces at shops.

Inventory:

Hand Weapons
 a - a +1 vorpal mace (weapon)
 z - a +2 halberd of pain
 B - a +1 trident of pain
Missiles
 l - 5 silver javelins
 C - a throwing net
Jewellery
 b - a ring of poison resistance (right tentacle)
 c - a +4 ring of protection (left tentacle)
 g - a ring of fire
 n - an amulet of the acrobat (around mantle)
 y - a ring of resist corrosion
Wands
 e - a wand of polymorph (8)
 s - a wand of mindburst (9)
 A - a wand of flame (23)
Scrolls
 f - 5 scrolls of identify {unknown}
 i - a scroll of acquirement {unknown}
 k - a scroll of vulnerability {unknown}
 m - a scroll of enchant weapon {unknown}
 o - 2 scrolls of amnesia {unknown}
 p - a scroll of noise {unknown}
 q - a scroll of fog {unknown}
 r - a scroll of teleportation {unknown}
 v - a scroll of magic mapping {unknown}
 w - a scroll of enchant armour {unknown}
 x - a scroll of fear {unknown}
Potions
 d - 3 potions of curing
 h - a potion of ambrosia {unknown}
 t - a potion of brilliance {unknown}
 u - a potion of attraction {unknown}
Miscellaneous
 j - a piece from Xom's chessboard (15/15)


   Skills:
 + Level 6.7 Fighting
 * Level 0.5(0.9) Polearms
 - Level 1.0(1.1) Staves
 + Level 6.7 Dodging
 - Level 1.8 Spellcasting
 - Level 3.0 Hexes
 - Level 1.0 Transmutations
 - Level 2.1 Evocations


You had 9 spell levels left.
You knew the following spells:

 Your Spells              Type           Power      Damage    Failure   Level
a - Shock                 Conj/Air       4%         1d3       26%         1

Your spell library contained the following spells:

 Spells                   Type           Power      Damage    Failure   Level
 Ensorcelled Hibernation  Hex/Ice        10%        N/A       22%         2
 Confusing Touch          Hex            8%         N/A       22%         3
 Tukima's Dance           Hex            8%         N/A       22%         3
 Dazzling Flash           Conj/Hex       10%        N/A       38%         3
 Swiftness                Air            1%         N/A       61%         3


Dungeon Overview and Level Annotations

Branches:
Dungeon (6/15)
 Temple: D:4-7

Altars:
Ashenzari
Fedhas
Trog

Shops:
D:3 *   D:4 [

Annotations:
D:6 1 runed translucent door, 1 transporter, Zebbs's ghost, novice MiFi


Innate Abilities, Weirdness & Mutations

You cannot wear most types of armour.
You are amphibious.
You can wear up to eight rings at the same time.
Your skin changes colour to match your surroundings (Stealth+).
Your rubbery body absorbs attacks. (AC +1, EV +1)
((You are camouflaged near water. (Stealth+)))
You have tentacles for arms and can constrict up to eight enemies at once.
One of your tentacles bears a spike.
You tend to lose your temper in combat.
You are clumsy. (Dex -2)
You passively dampen the noise of your surroundings.


Message History

Things that are here:
a +1 halberd of venom; a gnoll corpse You hit the gnoll.
You grab the gnoll.
The gnoll is moderately wounded.
You constrict the gnoll. The gnoll closely misses you.
You hit the gnoll.
You pierce the gnoll.
You kill the gnoll!
Trog accepts your kill.
Things that are here:
a +0 spear; a gnoll corpse You feel a strong urge to attack something.
You are no longer berserk.
You are exhausted.
You feel yourself slow down. The gnoll sergeant blocks your attack.
Your grab misses the gnoll sergeant.
The gnoll sergeant hits you with the +6 trident of Blood {chaos, Will+}!
The gnoll sergeant freezes you.
The gnoll sergeant hits you with the +6 trident of Blood {chaos, Will+}!
You feel very mighty all of a sudden.
You sock the gnoll sergeant! You grab the gnoll sergeant.
The gnoll sergeant blocks your attack.
The gnoll sergeant is severely wounded.
You constrict the gnoll sergeant, but do no damage.
The gnoll sergeant hits you with the +6 trident of Blood {chaos, Will+}!
* * * LOW HITPOINT WARNING * * *
The gnoll sergeant hits you with the +6 trident of Blood {chaos, Will+}!
* * * LOW HITPOINT WARNING * * *
The gnoll sergeant burns you.
* * * LOW HITPOINT WARNING * * *
The gnoll sergeant hits you but does no damage.
Okay, then.
Your skin crawls.
You feel strong-willed.
You constrict the gnoll sergeant, but do no damage.
The gnoll sergeant barely misses you.
You feel better.
You constrict the gnoll sergeant.
The gnoll sergeant hits you with the +6 trident of Blood {chaos, Will+}!
* * * LOW HITPOINT WARNING * * *
The gnoll sergeant freezes you.
You die...

... ≈≈. ≈≈≈ ###≈ # # ..#
.# 8.###.###.8# ≈.#
..#.≈≈#.....gg@...#≈≈.#
..#.≈≈###.##+##)###≈≈.#
...≈≈..#.#$$W#)#..≈≈.#
...##.≈≈.##.#$..#)##.≈≈.!
...#.$≈≈.#©.#(:"#..#.≈≈..
#....≈≈.##.#####.##.≈≈..
.........#.#8⌠8#.#..≈≈..
#.....©#.+.©.).#©.≈≈..
#......#.#P.P#.#..≈≈..#


You could see a gnoll sergeant and a gnoll shaman.

Vanquished Creatures
  Sigmund (D:3)
  An ice beast (D:5)
  An ogre (D:5)
  A gnoll sergeant (D:6)
  A water moccasin zombie (D:5)
  2 scorpions
  A hound (D:4)
  2 orc priests (D:4)
  2 centaur skeletons
  4 jellies
  2 orc wizards (D:4)
  3 hound zombies (D:5)
  12 gnolls
  5 adders
  An adder skeleton (D:4)
  A worm (D:4)
  A dart slug (D:2)
  7 orcs (D:4)
  3 endoplasms
  3 giant cockroaches
  6 hobgoblins
  2 jackals (D:2)
  8 kobolds
  A quokka (D:1)
  2 ball pythons
  2 frilled lizards
  4 goblins
  2 rats
81 creatures vanquished.

Vanquished Creatures (others)
  10 plants (D:6)
10 creatures vanquished.

Grand Total: 91 creatures vanquished

Notes
Turn   | Place    | Note
-------+----------+-------------------------------------------
     0 | D:1      | omnomnOMINOUS the Octopode Wanderer began the quest for the
                  | Orb.
     0 | D:1      | omnomnOMINOUS set off with the following items: a +0
                  | dagger, a piece from Xom's chessboard (15/15); and the
                  | following spell memorised: Shock; and the following spells
                  | available to memorise: Ensorcelled Hibernation, Confusing
                  | Touch, Tukima's Dance, Dazzling Flash, Swiftness
     0 | D:1      | Reached XP level 1. HP: 13/13 MP: 2/2
   396 | D:1      | Reached XP level 2. HP: 18/18 MP: 3/3
  1195 | D:2      | Reached XP level 3. HP: 16/24 MP: 5/5
  1700 | D:2      | Found a faded altar of an unknown god.
  1708 | D:2      | Became a worshipper of Trog the Wrathful
  1708 | D:2      | Reached * piety under Trog
  2371 | D:3      | Found Kiept's General Store.
  2378 | D:3      | Bought a potion of curing for 33 gold pieces
  2434 | D:3      | Noticed Sigmund
  2444 | D:3      | Gained mutation: One of your tentacles bears a spike.
                  | [potion of mutation]
  2444 | D:3      | Gained mutation: You are clumsy. (Dex -2) [potion of
                  | mutation]
  2444 | D:3      | Gained mutation: You tend to lose your temper in combat.
                  | [potion of mutation]
  2444 | D:3      | Gained mutation: You passively dampen the noise of your
                  | surroundings. [potion of mutation]
  2462 | D:3      | Killed Sigmund
  2463 | D:3      | Reached XP level 4. HP: 32/33 MP: 6/6
  2463 | D:3      | Reached XP level 5. HP: 36/37 MP: 7/7
  2572 | D:3      | Found a broken altar of Ashenzari.
  2916 | D:4      | Reached XP level 6. HP: 40/43 MP: 8/8
  3022 | D:4      | Found Juheing's Antique Armour Shoppe.
  3467 | D:4      | Reached XP level 7. HP: 44/49 MP: 9/9
  3637 | D:4      | Reached skill level 5 in Fighting
  3637 | D:4      | Reached skill level 5 in Dodging
  3837 | D:5      | Entered Level 5 of the Dungeon
  3846 | D:5      | Reached ** piety under Trog
  4143 | D:5      | Found a blossoming altar of Fedhas.
  4477 | D:5      | HP: 2/51 [ogre (26)]
  4479 | D:5      | Reached XP level 8. HP: 3/57 MP: 10/10
  5238 | D:6      | Found a large runed translucent door.
  5246 | D:6      | Identified the +2 robe of the Tomato {rC- Str+6}
  5282 | D:6      | Found a transporter.
  5295 | D:6      | Found a transporter.
  5317 | D:6      | Noticed Zebbs's ghost (novice MiFi)
  5408 | D:6      | Identified the +6 trident of Blood {chaos, Will+}
  5419 | D:6      | HP: 1/58 [gnoll sergeant (15)]
  5419 | D:6      | Slain by a gnoll sergeant

Illustrated notes

Levels and vault maps discovered:
D:1:      saegor_arrival_simple_e, layout_basic
D:2:      layout_loops_corners, shapermc_ecumenical_altar_mp_ritualfount
D:3:      layout_basic, mainiacjoe_overflow_six_doors_small, serial_shops, shop,
          minmay_misc_feat_rugged, mrwooster_statue_mirror, uniq_sigmund
D:4:      layout_loops_ring, serial_shops, kennysheep_mini_moat
D:5:      layout_basic, fedhas_altar_3, saegor_snake_ambush
D:6:      layout_cave_pools, brannock_xom_greatest_gift,
          mainiacjoe_overflow_cross_hatched, grunt_dithmenos_shadows,
          slow_altar_2, nicolae_qazlal_eye_of_the_storm,
          nicolae_hepliaklqana_monster_ancestors, temple_green,
          gammafunk_ghost_gnarly_gnolls, serial_shops, nicolae_shop_trees,
          minmay_hollow_rounded_squares

Skill      XL: |  1  2  3  4  5  6  7 |
---------------+----------------------+-----
Dodging        | 3 4 6 |  6.7
Fighting       | 3 4 6 |  6.7
Polearms       | |  0.5
Staves         | |  1.0
Spellcasting   | |  1.8
Hexes          | |  3.0
Transmutations | |  1.0
Evocations     | |  2.1

Action                   |  1- 3 |  4- 6 |  7- 9 || total
-------------------------+-------+-------+-------++-------
Melee: Dagger            |    63 |    49 |       ||   112
       Constrict         |    19 |    16 |    16 ||    51
       Tentacles         |    13 |    18 |    14 ||    45
       Kick              |       |    23 |    26 ||    49
       Mace              |       |     6 |    77 ||    83
Invok: Berserk           |       |       |     3 ||     3
       Trog's Hand       |       |       |     1 ||     1
Evoke: Piece from Xom's  |     1 |       |       ||     1
       Wand              |       |       |     4 ||     4
  Use: Potion            |     5 |       |     1 ||     6
 Stab: Sleeping          |     6 |     1 |     4 ||    11
       Distracted        |       |     1 |       ||     1
Armor: Skin              |    14 |    13 |    20 ||    47
Dodge: Dodged            |    44 |    39 |    62 ||   145

Table legend: (Time is in decaauts)
 A = Elapsed time spent in this place.
 B = Non-inter-level travel time spent in this place.
 C = Inter-level travel time spent in this place.
 D = Time resting spent in this place.
 E = Time spent auto-exploring this place.
 F = Levels seen in this place.
 G = Mean time per level.
                   A        B        C        D        E       F      G
               +--------+--------+--------+--------+--------+-----+--------+
         Total |   5471 |   5413 |     58 |    950 |   3762 |   6 |  911.8 |
       Dungeon |   5471 |   5413 |     58 |    950 |   3762 |   6 |  911.8 |
               +--------+--------+--------+--------+--------+-----+--------+

Top non-repeatable levels by time:
     D:5: 1422 daAuts
     D:2: 1118 daAuts
     D:4: 993 daAuts
     D:3: 909 daAuts
     D:1: 830 daAuts
     D:6: 197 daAuts
